 Dungeon Crawl Stone Soup version 0.29-a0-371-g91724d5b39 (webtiles) character file.

Game seed: 14357644193165623234

906 Hubjo the Firebug (level 7, -3/41 HPs)
             Began as a Deep Elf Fire Elementalist on May 2, 2022.
             Was a Priest of Ashenzari.
             Slain by a vampire (13 damage)
             ... on level 5 of the Dungeon.
             The game lasted 00:11:51 (7369 turns).

Hubjo the Firebug (Deep Elf Fire Elementalist)      Turns: 7369, Time: 00:11:52

Health: -3/41      AC:  4    Str:  7    XL:     7   Next: 81%
Magic:  4/16       EV: 17    Int: 20    God:    Ashenzari [***...]
Gold:   192        SH:  4    Dex: 17    Spells: 13/18 levels left

rFire   . . .      SeeInvis +   d - +2 dagger "Perceptive Seeker" {freeze, Evo, Range} (curse)
rCold   . . .      Faith    .   (no shield)
rNeg    . . .      Spirit   .   a - +0 robe
rPois   .          Reflect  .   y - +0 helmet "Ensconced With Me" {Alch, Bglg} (curse)
rElec   .          Harm     .   p - scarf "Tethered With Me" {repulsion, Fort, Alch} (curse)
rCorr   .          Rampage  .   (no gloves)
Will    .....      Clarity  +   t - +0 pair of boots "Gnostic Sorrow" {Comp, Evo} (curse)
Stlth   ++++......              (no amulet)
HPRegen 0.13/turn               o - ring "Overhang to Understand" {EV+4, Cun, Range} (curse)
MPRegen 0.15/turn               (no ring)

@: very slightly contaminated, repel missiles
A: large bone plates 1, low MP 1, strong 1, sturdy frame 1
a: Renounce Religion, Shatter the Chains


You were on level 5 of the Dungeon.
You worshipped Ashenzari.
Ashenzari was most pleased with you.
You visited 1 branch of the dungeon, and saw 5 of its levels.

You collected 192 gold pieces.

Inventory:

Hand Weapons
 d - the cursed +2 dagger "Perceptive Seeker" (weapon) {freeze, Evo, Range}
   (You took it off a kobold on level 1 of the Dungeon)

   It freezes those it strikes, dealing additional cold damage.
   It can also slow down cold-blooded creatures.
   It has a curse which improves the following skills: Evocations: Evocations.
   Ranged Combat: Slings, Bows, Crossbows and Throwing.
 g - a +0 flail of protection
 w - a +2 dagger of speed
Armour
 a - a +0 robe (worn)
 p - the cursed scarf "Tethered With Me" (worn) {repulsion, Fort, Alch}
   (You found it on level 3 of the Dungeon)

   It has a curse which improves the following skills: Fortitude: Armour and
   Shields.
   Alchemy:   Poison Magic and Transmutations.
 t - the cursed +0 pair of boots "Gnostic Sorrow" (worn) {Comp, Evo}
   (You found it on level 4 of the Dungeon)

   It has a curse which improves the following skills: Companions: Summonings
   and Necromancy.
   Evocations: Evocations.
 y - the cursed +0 helmet "Ensconced With Me" (worn) {Alch, Bglg}
   (You found it on level 5 of the Dungeon)

   It has a curse which improves the following skills: Alchemy: Poison Magic and
   Transmutations.
   Beguiling: Conjurations, Hexes and Translocations.
Jewellery
 o - the cursed ring "Overhang to Understand" (left hand) {EV+4, Cun, Range}
   (You found it on level 3 of the Dungeon)

   [ring of evasion]

   EV:        It affects your evasion (+4).
   It has a curse which improves the following skills: Cunning: Dodging and
   Stealth.
   Ranged Combat: Slings, Bows, Crossbows and Throwing.
Wands
 n - a wand of mindburst (3)
 q - a wand of charming (5)
Scrolls
 c - 3 scrolls of identify
 j - 2 scrolls of fog
 k - 2 scrolls of blinking
 l - a scroll of silence
 m - a scroll of amnesia
 s - a scroll of fear
Potions
 b - a potion of magic
 e - a potion of mutation
 f - a potion of brilliance
 h - 2 potions of flight
 i - a potion of degeneration
 r - 3 potions of curing
 u - a potion of invisibility
 v - a potion of cancellation
 x - a potion of might


   Skills:
 + Level 3.6 Fighting
 - Level 2.4(3.7) Dodging
 + Level 5.8(7.4) Stealth
 + Level 6.0 Spellcasting
 - Level 1.1(2.1) Conjurations
 * Level 6.4 Fire Magic


You had 13 spell levels left.
You knew the following spells:

 Your Spells              Type           Power      Damage    Failure   Level
a - Foxfire               Conj/Fire      92%        2x1d8     1%          1
b - Flame Wave            Conj/Fire      23%        2d7       19%         4

Your spell library contained the following spells:

 Spells                   Type           Power      Damage    Failure   Level
 Scorch                   Fire           62%        2d8       1%          2
 Conjure Flame            Conj/Fire      23%        6-21      5%          3
 Inner Flame              Hex/Fire       19%        N/A       9%          3
 Ignite Poison            Fire/Tmut/Pois 15%        N/A       12%         3
 Sticky Flame             Conj/Fire      23%        2d4       19%         4
 Mephitic Cloud           Conj/Pois/Air  9%         N/A       22%         3
 Gell's Gravitas          Tloc           6%         N/A       28%         3
 Lesser Beckoning         Tloc           6%         N/A       28%         3
 Teleport Other           Tloc           6%         N/A       28%         3
 Cause Fear               Hex            3%         N/A       67%         4
 Freezing Cloud           Conj/Ice/Air   4%         6-21      91%         5
 Dragon Form              Tmut           3%         N/A       100%        7
 Dragon's Call            Summ           3%         N/A       100%        9


Dungeon Overview and Level Annotations

Branches:
Dungeon (5/15)             Temple (0/1) D:4

Altars:
Ashenzari

Annotations:
D:4 1 runed translucent door, Gloober's ghost, novice KoBr


Innate Abilities, Weirdness & Mutations

You are partially covered in large bone plates. (SH +4)
Your magical capacity is low. (-10% MP)
Your muscles are strong. (Str +2)
Your movements are slightly less encumbered by armour. (ER -2)


Message History

The foxfire hits the vampire but does no damage.
The vampire is heavily damaged.
The foxfire hits the vampire but does no damage.
The vampire is heavily damaged.
You conjure some foxfire!
The foxfire hits the vampire but does no damage.
The vampire is heavily damaged.
The foxfire hits the vampire but does no damage.
The vampire is heavily damaged.
The vampire draws life force from you!
The vampire is healed by the life force!
You conjure some foxfire!
The foxfire hits the vampire.
The vampire is moderately damaged.
The foxfire hits the vampire but does no damage.
The vampire is moderately damaged.
The vampire hits you but does no damage.
The vampire completely misses you.
You conjure some foxfire!
The foxfire hits the vampire.
The vampire is moderately damaged.
The foxfire hits the vampire but does no damage.
The vampire is moderately damaged.
You block the vampire's attack. The vampire closely misses you.
Casting: Foxfire (safe; 1% risk of failure)
Confirm with . or Enter, or press ? or * to list all spells.
The spell is quite dangerous to miscast (19% risk of failure)!
Continue anyway?
Casting: Flame Wave (quite dangerous; 19% risk of failure)
Press: ? - help, Dir - look around, f - activate You miscast Flame Wave.
You are very lightly contaminated with residual magic.
A wave of violent energy washes through your body!
The foxfire hits the vampire but does no damage.
The vampire is moderately damaged.
The foxfire hits the vampire.
The vampire is moderately damaged.
The vampire hits you!
* * * LOW HITPOINT WARNING * * *
You block the vampire's attack.
An iguana comes into view.
The vampire closely misses you. The vampire bites you!
You die...

*, # *** * #
* * ### # ,
,, l.* *, # *
#####.### # ,
,,.........,,
#
......####.##
# ,
*#..V.......
# * #@.#* , ,
, ##ยง# * < *
* * * #.# *
#.# *, , * ##
#.## .., ,,*
#) #..# .# {
* #) ##.#*.#
, * #! #.##.#
, ######.
#.##.#
#......


You could see a vampire and an iguana (wandering).

Vanquished Creatures
  3 yaks (D:5)
  A black bear (D:5)
  A hound (D:5)
  An orc priest (D:5)
  3 orc wizards
  Natasha (twice) (D:2)
  An iguana (D:5)
  3 gnolls (D:2)
  6 adders
  A worm (D:3)
  A dart slug (D:1)
  11 orcs
  7 ball pythons
  7 endoplasms
  5 giant cockroaches
  4 goblins
  6 hobgoblins (D:1)
  A quokka (D:2)
  6 bats
  4 frilled lizards
  4 kobolds
  6 rats
84 creatures vanquished.

Vanquished Creatures (others)
  An orc (D:4)
  499 foxfires
  11 fungi (D:4)
511 creatures vanquished.

Grand Total: 595 creatures vanquished

Notes
Turn   | Place    | Note
-------+----------+-------------------------------------------
     0 | D:1      | Hubjo the Deep Elf Fire Elementalist began the quest for
                  | the Orb.
     0 | D:1      | Reached XP level 1. HP: 10/10 MP: 6/6
   234 | D:1      | Reached XP level 2. HP: 11/16 MP: 0/8
   696 | D:1      | Reached skill level 1 in Fighting
   987 | D:1      | Found a faded altar of an unknown god.
  1125 | D:1      | Prayed at the altar of an unknown god.
  1125 | D:1      | Became a worshipper of Ashenzari the Shackled
  1484 | D:1      | Reached XP level 3. HP: 20/20 MP: 6/9
  2109 | D:2      | Reached XP level 4. HP: 26/26 MP: 8/11
  2357 | D:2      | Noticed Natasha
  2366 | D:2      | Killed Natasha
  2444 | D:2      | Noticed Natasha
  2450 | D:2      | Killed Natasha
  2569 | D:2      | Reached XP level 5. HP: 13/30 MP: 7/13
  3489 | D:3      | Reached * piety under Ashenzari
  3489 | D:3      | Identified a scroll of acquirement
  3490 | D:3      | Acquired a book of the Dragon
  4333 | D:3      | Reached ** piety under Ashenzari
  4613 | D:4      | Found a staircase to the Ecumenical Temple.
  5009 | D:3      | Gained mutation: Your magical capacity is low. (-10% MP)
                  | [potion of mutation]
  5009 | D:3      | Gained mutation: Your muscles are strong. (Str +2) [potion
                  | of mutation]
  5009 | D:3      | Gained mutation: You are partially covered in large bone
                  | plates. (SH +4) [potion of mutation]
  5009 | D:3      | Gained mutation: Your movements are slightly less
                  | encumbered by armour. (ER -2) [potion of mutation]
  5810 | D:4      | Noticed Gloober's ghost (novice KoBr)
  5913 | D:4      | Found a runed translucent door.
  6461 | D:4      | Learned a level 4 spell: Flame Wave
  6488 | D:5      | Entered Level 5 of the Dungeon
  6488 | D:5      | Noticed a black bear
  6492 | D:5      | Killed a black bear
  6493 | D:5      | Reached XP level 6. HP: 36/36 MP: 8/13
  6508 | D:5      | Reached skill level 5 in Fire Magic
  6513 | D:5      | Reached skill level 5 in Spellcasting
  6675 | D:5      | Noticed a yak
  6690 | D:5      | Reached *** piety under Ashenzari
  6695 | D:5      | Noticed a yak
  6706 | D:5      | Killed a yak
  6707 | D:5      | Reached skill level 5 in Stealth
  6707 | D:5      | Reached XP level 7. HP: 30/41 MP: 2/15
  6711 | D:5      | Killed a yak
  6924 | D:5      | Noticed a yak
  6930 | D:5      | Noticed a yak
  6932 | D:5      | Noticed a yak
  6934 | D:5      | Killed a yak
  6939 | D:5      | Noticed a yak
  7356 | D:5      | Noticed a vampire
  7369 | D:5      | Slain by a vampire

Illustrated notes

Levels and vault maps discovered:
D:1:      nicolae_arrival_washed_ashore, layout_loops_ring,
          chequers_ecumenical_altar_grove
D:2:      wander_river, layout_basic, kennysheep_generic_room_11, uniq_natasha
D:3:      layout_basic, minivault_5
D:4:      layout_loops_corners, minmay_temple_entry_grid,
          hellmonk_ghost_happy_afterlife, serial_aquarium,
          aquarium_bridge_long_joined [aquarium_subvault_window,
          aquarium_subvault_wall, aquarium_subvault_bridge,
          aquarium_subvault_wall, aquarium_subvault_wall,
          aquarium_subvault_window], aquarium_window_3, aquarium_window_fake,
          aquarium_window_fake, aquarium_window_1, aquarium_view_2f,
          aquarium_view_2b, aquarium_pool_2
D:5:      layout_basic

Skill      XL: |  1  2  3  4  5  6  7 |
---------------+----------------------+-----
Fighting       | 1 2 3 |  3.6
Stealth        | 3 4 5 |  5.8
Spellcasting   | 4 5 6 |  6.0
Fire Magic     | 4 5 6 |  6.4
Dodging        | |  2.4
Conjurations   | |  1.1

Action                   |  1- 3 |  4- 6 |  7- 9 || total
-------------------------+-------+-------+-------++-------
Melee: Dagger            |     4 |    54 |    15 ||    73
       Punch             |       |     3 |       ||     3
 Cast: Foxfire           |   111 |   177 |    28 ||   316
Invok: Curse Item        |     1 |     4 |       ||     5
Evoke: Wand              |       |     1 |     2 ||     3
  Use: Scroll            |     1 |     1 |     1 ||     3
       Potion            |       |     4 |       ||     4
Armor: Robe              |       |     6 |     5 ||    11
Dodge: Dodged            |     4 |    62 |    22 ||    88
Block: Other             |       |     1 |     7 ||     8

Table legend: (Time is in decaauts)
 A = Elapsed time spent in this place.
 B = Non-inter-level travel time spent in this place.
 C = Inter-level travel time spent in this place.
 D = Time resting spent in this place.
 E = Time spent auto-exploring this place.
 F = Levels seen in this place.
 G = Mean time per level.
                   A        B        C        D        E       F      G
               +--------+--------+--------+--------+--------+-----+--------+
         Total |   7396 |   7207 |    189 |    403 |   5918 |   5 | 1479.2 |
       Dungeon |   7396 |   7207 |    189 |    403 |   5918 |   5 | 1479.2 |
               +--------+--------+--------+--------+--------+-----+--------+

Top non-repeatable levels by time:
     D:3: 2246 daAuts
     D:1: 1648 daAuts
     D:4: 1433 daAuts
     D:2: 1196 daAuts
     D:5: 871 daAuts
